 Dungeon Crawl Stone Soup version 0.28-a0-751-gef3a642a4e (webtiles) character file.

Game seed: 8384736398671351859

1145 spiderkeys the Skirmisher (level 8, -4/51 HPs)
             Began as a Gargoyle Abyssal Knight on Oct 31, 2021.
             Was a Believer of Lugonu.
             Engulfed by a cloud of flame (20 damage)
             ... on level 2 of the Dungeon.
             The game lasted 00:03:22 (1688 turns).

spiderkeys the Skirmisher (Gargoyle Abyssal Knight) Turns: 1688, Time: 00:03:22

Health: -4/51      AC:  9    Str: 26    XL:     8   Next: 37%
Magic:  12/12      EV: 25    Int: 10    God:    Lugonu [**....]
Gold:   192        SH:  3    Dex: 10    Spells: 7/7 levels left

rFire   . . .      SeeInvis .   a - +1 mace (spect)
rCold   . . .      Faith    .   f - +0 buckler
rNeg    + . .      Spirit   .   b - +0 leather armour
rPois   ∞          Reflect  .   (no helmet)
rElec   +          Harm     .   (no cloak)
rCorr   .          Rampage  .   (no gloves)
Will    .....                   (no boots)
Stlth   +.........              A - amulet of the acrobat
HPRegen 0.17/turn               S - +6 ring of strength
MPRegen 0.13/turn               (no ring)

@: acrobatic
A: sickness immunity, AC +5, negative energy resistance 1, electricity
resistance, torment resistance 1, petrification resistance
a: Renounce Religion, Depart the Abyss, Bend Space


You were on level 2 of the Dungeon.
You worshipped Lugonu.
Lugonu was pleased with you.
You visited 1 branch of the dungeon, and saw 2 of its levels.
You visited the Abyss 1 time.

You collected 192 gold pieces.


Innate Abilities, Weirdness & Mutations

You are immune to sickness and miasma.
Your stone body is resilient. (AC +5)
You are immune to poison.
You resist negative energy. (rN+)
You are resistant to electric shocks. (rElec)
You are resistant to unholy torment.
You are immune to petrification.


   Skills:
 + Level 6.2 Fighting
 + Level 5.1 Maces & Flails
 + Level 5.6 Armour
 - Level 0.7 Dodging
 * Level 0.4 Shields
 + Level 5.5 Invocations
 * Level 0.4 Evocations


You had 7 spell levels left.
You didn't know any spells.
Your spell library was empty.

Inventory:

Hand Weapons
 a - a +1 spectral mace (weapon)
Missiles
 h - 38 stones
 j - 30 arrows
 l - 30 sling bullets
Armour
 b - a +0 leather armour (worn)
 f - a +0 buckler (worn)
   (You found it on level 1 of the Dungeon)
Jewellery
 A - an amulet of the acrobat (around neck)
   (You found it on level 1 of the Abyss)
 S - a +6 ring of strength (left hand)
   (You found it on level 4 of the Abyss)
Wands
 c - a wand of iceblast (4)
   (You found it on level 2 of the Abyss)
Scrolls
 e - a scroll of identify {@r1}
Potions
 d - a potion of flight {unknown}
 g - 4 potions of heal wounds {@q2}
 i - 3 potions of magic {unknown}
 k - a potion of might {unknown}

Dungeon Overview and Level Annotations

Branches:
Dungeon (2/15)

Altars:

#........# *******
#.... #........#
*.....#*******,,,
##'#######
*.....#*,,,,,,,,, #.#
*.....#**,***,,,, #.#
*.....# *,* *,,>, #.#
*.....# *,* *,*,, #.#
*.....# *,* *,*,,
#.###########§....#**,*
*,*,,
#.#.........@§§...+,*,*
*,*,,
#.#.#########§§...#,*,*
*,*,, #.#.#
*.....#,*,***,*,, #.#.#
###****.....#,*,,,,,*,,
#.#.#
#..,,,,.......*,,****,,
#.#.#
#.#****#######*,,* *,,
#.#.# #.# *,,* *,,
#.#.###.# *,,* *,,
#.#...#.# *,,* *,,


There were no monsters in sight!


Message History

Key pressed, stopping explore.
l - 30 sling bullets (gained 18)
h - 38 stones (gained 13) As you open the door, it creaks loudly!
A frilled lizard and an endoplasm come into view.
The endoplasm quivers.
The frilled lizard closely misses you.
There is an open door here.
You sock the frilled lizard!
You kill the frilled lizard!
Lugonu accepts your kill.
You barely miss the endoplasm.
Your +1 spectral mace hits the endoplasm!
You kill the endoplasm!
Lugonu accepts your kill.
No target in view!
As you read the scroll labelled PANEATT KUATZ, it crumbles to dust.
You feel aware of your surroundings.
It was a scroll of magic mapping.
There is a dry fountain here.
You open the door.
A frilled lizard comes into view.
Found a stone staircase leading down.
The frilled lizard hisses angrily.
There is an open door here.
A frilled lizard is nearby!
A frilled lizard is nearby!
You thump the frilled lizard!
You kill the frilled lizard!
Lugonu accepts your kill.
No target in view!
No target in view!
You see here a frilled lizard corpse.
An endoplasm comes into view.
The endoplasm moves out of view.
An endoplasm is nearby!
The endoplasm quivers.
You hit the endoplasm.
You kill the endoplasm!
Lugonu accepts your kill.
No target in view!
No target in view!
You now have 170 gold pieces (gained 13).
An adder comes into view.
The adder hisses angrily.
An adder is nearby!
An adder is nearby!
An adder is nearby!
You block the adder's attack.
You hit the adder. The adder bites you but does no damage.
You barely miss the adder. The adder bites you.
The adder bites you but does no damage. 😕 HP[-3]
You take 3 damage, and now have 48/51 hp.
You hit the adder. The adder bites you. The adder closely misses you.
You closely miss the adder. The adder bites you. 😕 HP[-4]
You take 4 damage, and now have 44/51 hp.
You hit the adder.
You kill the adder!
Lugonu accepts your kill.
Key pressed, stopping explore.
No target in view! 😕 HP[+1] No target in view!
You see here an adder corpse.
As you open the door, it creaks loudly!
There is an open door here.
There is a dry fountain here.
Key pressed, stopping explore.
You open the door.
There is an open door here.
Key pressed, stopping explore.
m - a scroll labelled ZOKAOF KAER 😎 HP[+6]
Your hp is fully restored (51).
You open the door.
There is an open door here.
Found an escape hatch in the ceiling.
Key pressed, stopping explore.
No target in view!
There is an escape hatch in the ceiling here.
You now have 178 gold pieces (gained 8).
Key pressed, stopping explore.
You now have 192 gold pieces (gained 14).
Key pressed, stopping explore.
As you open the door, it creaks loudly!
A hobgoblin comes into view.
The hobgoblin shouts!
As you read the scroll labelled ZOKAOF KAER, it crumbles to dust.
The creatures around you are filled with an inner flame!
It was a scroll of immolation.
There is an open door here.
You sock the hobgoblin! Lugonu accepts your kill.
The hobgoblin explodes!
The fiery explosion engulfs you!!
Ouch! That really hurt!
* * * LOW HITPOINT WARNING * * *
You are engulfed in blazing flames.
You die...

Skill      XL: |  1 |
---------------+----+-----
Fighting       | 6 |  6.2
Maces & Flails | 5 |  5.1
Armour         | 5 |  5.6
Invocations    | 5 |  5.5
Dodging        | |  0.7
Shields        | |  0.4
Evocations     | |  0.4

Action                   |  1- 3 |  4- 6 |  7- 9 || total
-------------------------+-------+-------+-------++-------
Melee: Mace              |       |       |    54 ||    54
Evoke: Wand              |     6 |       |       ||     6
  Use: Scroll            |     3 |       |     3 ||     6
Armor: Leather armour    |       |       |    14 ||    14
Dodge: Dodged            |       |       |    28 ||    28
Block: Buckler           |       |       |     5 ||     5

Levels and vault maps discovered:
D:1:      evilmike_arrival_rings, layout_basic,
          dreamdust_ecumenical_altar_angels_and_demons, chequers_garden,
          minmay_unequal
D:2:      layout_basic, kennysheep_generic_room_14

Notes
Turn   | Place    | Note
-------+----------+-------------------------------------------
     0 | Abyss:1  | spiderkeys the Gargoyle Abyssal Knight began the quest for
                  | the Orb.
     0 | Abyss:1  | Reached XP level 1. HP: 14/14 MP: 2/2
     0 | Abyss:1  | magus.rc [v1.9.10]
    61 | Abyss:2  | Found a corrupted altar of Lugonu.
    72 | Abyss:2  | Noticed a large abomination
   114 | Abyss:4  | Found a corrupted altar of Lugonu.
   152 | Abyss:4  | Noticed a tentacled starspawn
   172 | Abyss:4  | Killed a tentacled starspawn
   172 | Abyss:4  | Noticed a large abomination
   173 | Abyss:4  | Reached skill level 6 in Fighting
   173 | Abyss:4  | Reached skill level 5 in Maces & Flails
   173 | Abyss:4  | Reached skill level 5 in Armour
   173 | Abyss:4  | Reached skill level 5 in Invocations
   173 | Abyss:4  | Reached XP level 2. HP: 10/22 MP: 2/5
   173 | Abyss:4  | Reached XP level 3. HP: 13/27 MP: 2/7
   173 | Abyss:4  | Reached XP level 4. HP: 15/32 MP: 2/8
   173 | Abyss:4  | Reached XP level 5. HP: 17/36 MP: 2/9
   173 | Abyss:4  | Reached XP level 6. HP: 20/41 MP: 2/10
   173 | Abyss:4  | Reached XP level 7. HP: 22/46 MP: 2/11
   173 | Abyss:4  | Reached XP level 8. HP: 24/51 MP: 2/12
   176 | Abyss:4  | Noticed a smoke demon
   178 | D:1      | You pass through the gate.
   178 | D:1      | Escaped the Abyss
   437 | D:1      | Found a faded altar of an unknown god.
   853 | D:1      | Reached ** piety under Lugonu
  1688 | D:2      | Engulfed by a cloud of flame

Vanquished Creatures
  A tentacled starspawn (Abyss:4)
  An adder (D:2)
  3 bats
  11 endoplasms
  A giant cockroach (D:1)
  4 goblins (D:1)
  3 hobgoblins
  4 quokkas (D:1)
  3 ball pythons (D:1)
  4 frilled lizards
  4 kobolds (D:1)
  2 rats
  A starspawn tentacle (Abyss:4)
42 creatures vanquished.

Vanquished Creatures (others)
  3 starspawn tentacles (Abyss:4)
3 creatures vanquished.

Grand Total: 45 creatures vanquished

Table legend:
 A = Non-vault XP
 B = Vault XP
 C = Vault XP percentage of total XP
 D = Non-vault monster count
 E = Vault monster count
 F = Vault count percentage of total count
                 A         B        C        D         E       F
            +---------+---------+-------+---------+---------+-------
      Total |    1630 |       8 |   0.5 |      36 |       5 |  12.2
            +---------+---------+-------+---------+---------+-------
        D:1 |      51 |       5 |   8.9 |      29 |       3 |   9.4
        D:2 |      21 |       3 |  12.5 |       6 |       2 |  25.0
    Abyss:4 |    1558 |       0 |   0.0 |       1 |       0 |   0.0
            +---------+---------+-------+---------+---------+-------

Illustrated notes

Table legend:
 A = Kills in this place as a percentage of kills in entire the game.
 B = Kills by you in this place as a percentage of kills by you in the entire game.
 C = Kills by friends in this place as a percentage of kills by friends in the entire game.
 D = Other kills in this place as a percentage of other kills in the entire game.
 E = Experience gained in this place as a percentage of experience gained in the entire game.
 F = Experience gained in this place divided by the number of levels of this place that you have seen.
                   A       B       C       D       E      F
               +-------+-------+-------+-------+-------+----------------------
         Total | 100.0 | 100.0 |   N/A |   N/A | 100.0 | 273.0
       Dungeon |  97.6 |  97.6 |   N/A |   N/A |   4.9 |  40.0
         Abyss |   2.4 |   2.4 |   N/A |   N/A |  95.1 | 389.5
               +-------+-------+-------+-------+-------+----------------------

Table legend: (Time is in decaauts)
 A = Elapsed time spent in this place.
 B = Non-inter-level travel time spent in this place.
 C = Inter-level travel time spent in this place.
 D = Time resting spent in this place.
 E = Time spent auto-exploring this place.
 F = Levels seen in this place.
 G = Mean time per level.
                   A        B        C        D        E       F      G
               +--------+--------+--------+--------+--------+-----+--------+
         Total |   1697 |   1691 |      6 |      0 |   1341 |   6 |  282.8 |
       Dungeon |   1521 |   1515 |      6 |      0 |   1325 |   2 |  760.5 |
         Abyss |    176 |    176 |      0 |      0 |     16 |   4 |   44.0 |
               +--------+--------+--------+--------+--------+-----+--------+

Top non-repeatable levels by time:
     D:1: 1091 daAuts
     D:2: 430 daAuts
 Abyss:4: 70 daAuts
 Abyss:1: 61 daAuts
 Abyss:2: 25 daAuts
 Abyss:3: 19 daAuts
